 Dungeon Crawl Stone Soup version 0.20.1-1-g8b1a95d66d (webtiles) character file.

4123 Peloso the Blocker (level 10, 0/86 HPs)
             Began as a Minotaur Fighter on Dec 29, 2017.
             Was an Elder of Okawaru.
             Killed from afar by a hell hound (13 damage)
             ... with a blast of flame
             ... on level 8 of the Dungeon.
             The game lasted 00:17:34 (8223 turns).

Peloso the Blocker (Minotaur Fighter)               Turns: 8223, Time: 00:17:34

Health: 0/86       AC: 15    Str: 21    XL:     10   Next: 6%
Magic:  9/9        EV:  7    Int:  5    God:    Okawaru [****..]
Gold:   188        SH: 12    Dex: 13    Spells: 9/9 levels left

rFire    . . .     SeeInvis .   a - +2 long sword (holy)
rCold    . . .     Gourm    +   c - +0 shield
rNeg     + . .     Faith    .   b - +0 plate armour
rPois    .         Spirit   .   (helmet restricted)
rElec    .         Reflect  .   (no cloak)
rCorr    .         Harm     .   (no gloves)
MR       .....                  s - +0 pair of boots
Stlth    ..........             p - amulet of the gourmand
Regen    0.3/turn               g - ring of positive energy
MPRegen  0.2/turn               m - ring of wizardry

@: no status effects
A: retaliatory headbutt, horns 2
a: Heroism, Renounce Religion


You were on level 8 of the Dungeon.
You worshipped Okawaru.
Okawaru was greatly pleased with you.
You were completely stuffed.

You visited 2 branches of the dungeon, and saw 9 of its levels.

You collected 482 gold pieces.
You spent 294 gold pieces at shops.

Inventory:

Hand Weapons
 a - a +2 long sword of holy wrath (weapon)
 E - the +9 battleaxe "Banisher" {chaos, MR++ Str+5 Dex-5}
   (You found it on level 7 of the Dungeon)

   Each time it hits an enemy it has a different, random effect.
   It affects your strength (+5).
   It affects your dexterity (-5).
   It affects your resistance to hostile enchantments.
Armour
 b - a +0 plate armour (worn)
 c - a +0 shield (worn)
 s - a +0 pair of boots (worn)
Jewellery
 g - a ring of positive energy (left hand)
 m - a ring of wizardry (right hand)
 p - an amulet of the gourmand (around neck)
 C - an uncursed amulet of magic regeneration
Scrolls
 e - a scroll of enchant weapon {unknown}
 h - 2 scrolls of remove curse
 i - 2 scrolls of magic mapping
 l - 2 scrolls of fear
 o - a scroll of enchant armour
 r - a scroll of teleportation
 u - a scroll of summoning {unknown}
 w - a scroll of amnesia
 A - a scroll of recharging
 B - a scroll of acquirement {unknown}
Potions
 d - 2 potions of might
 j - a potion of brilliance
 n - 3 potions of curing
 q - 2 potions of heal wounds
 v - 2 potions of mutation
 x - a potion of haste
 z - a potion of agility
Books
 y - a book of Conjurations

   Spells                             Type                      Level
   a - Magic Dart                     Conjuration                  1
   b - Searing Ray                    Conjuration                  2
   c - Dazzling Spray                 Conjuration/Hexes            3
   d - Fulminant Prism                Conjuration/Hexes            4
   e - Force Lance                    Conjuration/Translocation    4
   f - Iskenderun's Mystic Blast      Conjuration                  4
Comestibles
 f - 3 bread rations
 k - 8 fruits
 t - 3 meat rations
 D - 4 chunks of flesh


   Skills:
 + Level 7.0 Fighting
 + Level 9.7 Long Blades
 + Level 8.9 Armour
 + Level 3.5 Dodging
 + Level 0.6 Stealth
 + Level 10.3 Shields


You had 9 spell levels left.
You didn't know any spells.

Dungeon Overview and Level Annotations

Branches:
Dungeon (8/15)             Temple (1/1) D:4            Lair (0/6) D:8

Altars:
Dithmenos
Makhleb
Okawaru
Xom

Shops:
D:7 *   D:8 (


Innate Abilities, Weirdness & Mutations

You reflexively headbutt those who attack you in melee.
You have a pair of horns on your head.


Message History

The orc priest mumbles some strange prayers to Beogh against you.
Beogh smites you!
* * * LOW HITPOINT WARNING * * *
The centaur shoots an arrow.
You block the arrow.
You see here an arrow.
The centaur shoots an arrow.
You block the arrow.
There is an open door here.
You see here an arrow.
Your surroundings suddenly seem different.
You start resting.
A hell hound comes into view.
The hell hound barks!
Found a staircase to the Lair.
A hell hound comes into view.
The hell hound barks!
Found a stone staircase leading up.
Found a scroll of identify.
The hell hound breathes flames at you. The blast of flame hits you!
You die...

#......#.............PPPP #..
#......##.............♣PP♣#(.
....................#.PPPP♣#..
.........≈≈≈........#...♣P♣###
.......≈≈§≈.≈.......#...PPP
≈≈§≈h≈≈.......#
≈§.>≈≈........# P
≈§§h≈≈........#
§≈§≈§≈.@......#
.§§§≈...####.....# §.......O
#.###.# ###..#...# #.# #
##.#<### #.. # .? .# ##. ..


You could see a two-headed ogre (wandering) and 2 hell hounds.

Vanquished Creatures
  The ghost of expyrelain the Fighter, a novice OpFi (D:7)
  The ghost of Jynx the Changer, a novice DrTm of Okawaru (D:6)
  Edmund (D:6)
  2 water moccasins
  3 orc warriors
  An ice beast (D:5)
  A phantom (D:4)
  A sky beast (D:5)
  4 centaurs
  The ghost of Jynx the Ruffian, an amateur DrTm (D:3)
  An ogre (D:7)
  2 big kobolds
  The ghost of BreadTh the Magician, an amateur SpWz (D:4)
  2 bullfrogs
  A gnoll sergeant (D:8)
  3 killer bees (D:7)
  A scorpion (D:4)
  A quasit (D:6)
  A bullfrog zombie (D:5)
  A centaur zombie (D:5)
  2 gnoll shamans (D:8)
  8 orc priests
  5 hounds
  16 orc wizards
  2 worker ants
  2 hound skeletons
  2 gnolls (D:8)
  A howler monkey skeleton (D:4)
  2 howler monkey zombies
  9 adders
  2 shadow imps
  An adder zombie (D:5)
  2 adder skeletons
  2 worms
  A dart slug (D:3)
  4 leopard geckos
  25 orcs
  3 giant cockroaches
  14 goblins
  12 hobgoblins
  10 jackals (D:4)
  2 quokkas
  A ball python (D:4)
  A ball python skeleton (D:4)
  7 bats
  7 frilled lizards
  A jackal skeleton (D:4)
  14 kobolds
  A leopard gecko skeleton (D:4)
  A leopard gecko zombie (D:7)
  9 rats
199 creatures vanquished.

Notes
Turn   | Place    | Note
-------+----------+-------------------------------------------
     0 | D:1      | Peloso the Minotaur Fighter began the quest for the Orb.
     0 | D:1      | Reached XP level 1. HP: 19/19 MP: 0/0
   221 | D:1      | Reached XP level 2. HP: 26/27 MP: 1/1
   419 | D:1      | Reached skill level 4 in Shields
   775 | D:2      | Reached XP level 3. HP: 21/33 MP: 2/2
  1179 | D:2      | Reached skill level 1 in Dodging
  1354 | D:2      | Reached XP level 4. HP: 40/40 MP: 3/3
  1729 | D:3      | Found a faded altar of an unknown god.
  1772 | D:3      | Noticed Jynx's ghost (amateur DrTm)
  1784 | D:3      | Killed Jynx's ghost
  1784 | D:3      | Reached skill level 5 in Long Blades
  1784 | D:3      | Reached XP level 5. HP: 40/46 MP: 4/4
  2035 | D:4      | Reached skill level 5 in Shields
  2035 | D:4      | Reached XP level 6. HP: 26/52 MP: 5/5
  2708 | D:4      | Reached skill level 5 in Armour
  2708 | D:4      | Reached XP level 7. HP: 36/60 MP: 6/6
  2718 | D:4      | Reached skill level 6 in Shields
  2950 | D:4      | Found a staircase to the Ecumenical Temple.
  2950 | D:4      | Noticed BreadTh's ghost (amateur SpWz)
  2970 | D:4      | Killed BreadTh's ghost
  2978 | Temple   | Entered the Ecumenical Temple
  2985 | Temple   | Became a worshipper of Warmaster Okawaru
  3487 | D:5      | Entered Level 5 of the Dungeon
  3717 | D:5      | Reached skill level 5 in Fighting
  3760 | D:5      | Reached XP level 8. HP: 41/68 MP: 7/7
  3905 | D:5      | Reached * piety under Okawaru
  3932 | D:5      | Reached skill level 7 in Shields
  4689 | D:5      | Found a shadowy altar of Dithmenos.
  4690 | D:5      | Found a shimmering altar of Xom.
  4991 | D:6      | Noticed Jynx's ghost (novice DrTm)
  5018 | D:6      | Killed Jynx's ghost
  5018 | D:6      | Reached skill level 8 in Shields
  5310 | D:6      | Noticed Edmund
  5330 | D:6      | Killed Edmund
  5330 | D:6      | Reached ** piety under Okawaru
  5611 | D:6      | Reached XP level 9. HP: 70/75 MP: 8/8
  6057 | D:7      | Noticed expyrelain's ghost (novice OpFi)
  6082 | D:7      | Killed expyrelain's ghost
  6082 | D:7      | Reached *** piety under Okawaru
  6082 | D:7      | Reached skill level 9 in Shields
  6425 | D:7      | Got a dazzling battleaxe
  6426 | D:7      | Identified the +9 battleaxe "Banisher" {chaos, MR++ Str+5 Dex-5} (You found it on level 7 of the Dungeon)
  7403 | D:7      | Found Teisil's Assorted Antiques.
  7405 | D:7      | Got an ancient large shield
  7416 | D:7      | Identified the cursed +0 large shield of Analysis {+Inv rElec Str-5} (You found it on level 7 of the Dungeon)
  7427 | D:7      | Bought a runed long sword for 201 gold pieces
  7698 | D:7      | Bought a scroll labeled BOTHRY PEILETZA for 31 gold pieces
  7698 | D:7      | Bought a scroll labeled KEMIEN SUTEUQ for 31 gold pieces
  7698 | D:7      | Bought a scroll labeled WEIKKUGGOWAGE for 31 gold pieces
  7936 | D:8      | Reached skill level 10 in Shields
  7975 | D:8      | Found Aceifyg's Antique Weapon Shoppe.
  8131 | D:8      | Reached XP level 10. HP: 42/84 MP: 9/9
  8183 | D:8      | Reached **** piety under Okawaru
  8220 | D:8      | Found a staircase to the Lair.
  8223 | D:8      | Killed from afar by a hell hound

Skill      XL: |  1  2  3  4  5  6  7  8  9 10 |
---------------+-------------------------------+-----
Shields        | 4 5 6 8 10 | 10.3
Long Blades    | 3 5 6 8 9 |  9.7
Fighting       | 4 5 6 7 |  7.0
Armour         | 4 5 6 7 8 |  8.9
Dodging        | 1 2 3 |  3.5
Stealth        | |  0.6

Action                   |  1- 3 |  4- 6 |  7- 9 | 10-12 || total
-------------------------+-------+-------+-------+-------++-------
Melee: Long sword        |    99 |   165 |   484 |    24 ||   772
       Headbutt          |    14 |    28 |   103 |     7 ||   152
  Use: Potion            |     2 |       |     3 |       ||     5
       Scroll            |     2 |       |    16 |     1 ||    19
  Eat: Chunk             |     7 |    11 |    19 |       ||    37
Armor: Scale mail        |    45 |   100 |    33 |       ||   178
       Chain mail        |       |       |   119 |       ||   119
       Plate armour      |       |       |   108 |    10 ||   118
Dodge: Dodged            |    28 |    55 |   114 |     4 ||   201
Block: Shield            |    66 |   112 |   316 |    17 ||   511
       Rpst.: Long sword |    13 |    12 |    24 |       ||    49
